 Dungeon Crawl Stone Soup version 0.26-a0-707-g31817bcca1 (webtiles) character file.

Game seed: 11662719234861177750

1122 somkeydreadnuts the Fighter (level 8, -9/56 HPs)
             Began as a Gargoyle Fighter on Oct 26, 2020.
             Was an Initiate of Dithmenos.
             Killed from afar by Dowan (11 damage)
             ... with a stone arrow
             ... on level 5 of the Dungeon.
             The game lasted 00:12:02 (4629 turns).

somkeydreadnuts the Fighter (Gargoyle Fighter)      Turns: 4629, Time: 00:12:02

Health: -9/56      AC: 16    Str: 21    XL:     8   Next: 35%
Magic:  8/8        EV:  5    Int: 10    God:    Dithmenos [......]
Gold:   334        SH:  9    Dex:  9    Spells: 7/7 levels left

rFire    . . .     SeeInvis .   a - +0 war axe
rCold    . . .     Faith    .   c - +0 kite shield
rNeg     + . .     Spirit   .   k - +0 chain mail
rPois    ∞         Reflect  .   l - +1 helmet
rElec    +         Harm     .   (no cloak)
rCorr    .         Rampage  .   (no gloves)
MR       .....                  (no boots)
Stlth    ..........             (no amulet)
HPRegen  0.18/turn              y - ring of stealth
MPRegen  0.11/turn              (no ring)

@: no status effects
A: negative energy resistance 1, electricity resistance, unbreathing,
petrification resistance, rot immunity, AC +5
a: Renounce Religion


You were on level 5 of the Dungeon.
You worshipped Dithmenos.
Dithmenos was noncommittal.
You visited 2 branches of the dungeon, and saw 6 of its levels.

You collected 334 gold pieces.

Inventory:

Hand Weapons
 a - a +0 war axe (weapon)
 A - a +0 shortbow
Missiles
 z - 36 arrows
Armour
 b - a +0 scale mail
 c - a +0 kite shield (worn)
 k - a +0 chain mail (worn)
 l - a +1 helmet (worn)
Jewellery
 y - a ring of stealth (left hand)
Wands
 u - a wand of polymorph (9)
 B - a wand of digging (4)
Scrolls
 e - a scroll of fog
 g - 5 scrolls of teleportation
 h - a scroll of random uselessness {unknown}
 j - 3 scrolls of remove curse
 m - 2 scrolls of identify {unknown}
 n - a scroll of amnesia {unknown}
 o - a scroll of enchant weapon {unknown}
 p - a scroll of fear {unknown}
 r - 2 scrolls of enchant armour {unknown}
 s - a scroll of magic mapping {unknown}
 t - 2 scrolls of noise {unknown}
Potions
 d - 2 potions of curing {unknown}
 f - 4 potions of lignification {unknown}
 i - 3 potions of degeneration {unknown}
 q - 3 potions of heal wounds {unknown}
 v - 2 potions of magic {unknown}
 w - 2 potions of berserk rage {unknown}
 x - a potion of resistance {unknown}


   Skills:
 * Level 8.9 Fighting
 - Level 5.6 Axes
 - Level 3.3 Armour
 - Level 0.2 Stealth
 - Level 3.3 Shields


You had 7 spell levels left.
You didn't know any spells.
Your spell library was empty.

Dungeon Overview and Level Annotations

Branches:
Dungeon (5/15)             Temple (1/1) D:5

Altars:
Dithmenos
Fedhas
Gozag
Kikubaaqudgha
Uskayaw
Wu Jian
Zin

Annotations:
D:5 Dowan


Innate Abilities, Weirdness & Mutations

You are resistant to torment.
Your stone body is resilient. (AC +5)
You are immune to poison.
You resist negative energy. (rN+)
You are resistant to electric shocks. (rElec)
You can survive without breathing.
You are immune to petrification.
You are immune to rotting.


Message History

Dowan casts a spell at you. The stone arrow hits you!!
* * * LOW HITPOINT WARNING * * *
You slash Dowan!
Dowan is almost dead.
Dowan hits you but does no damage.
Dowan gestures wildly while chanting.
Dowan blinks!
Dowan casts a spell at you. The shard of ice hits you!
* * * LOW HITPOINT WARNING * * *
Items here: ( )) [ †.
You block Dowan's attack.
Items here: $ )) [[ †.
You closely miss Dowan.
Dowan is almost dead.
You block Dowan's attack.
Dowan points at you and mumbles some strange words.
The stone arrow hits you!
You die...

......#..............#
......................
. #.......##.#..#) ..
########.......... ...
.>..............#.
.... ###....########
..... ##....###
......###e.#.##
.......)@)####
......##### ..... ....
... .. .


You could see Dowan (fast).

Vanquished Creatures
  Sigmund (D:2)
  Duvessa (D:5)
  2 centaurs (D:5)
  2 ogres (D:4)
  A scorpion (D:5)
  A bullfrog skeleton (D:4)
  A hound (D:5)
  4 orc wizards
  Jessica (D:2)
  Terence (D:3)
  Natasha (thrice) (D:3)
  2 worker ants
  Robin (D:3)
  3 adders
  An ooze (D:3)
  2 dart slugs (D:2)
  2 leopard geckos
  9 orcs
  A bat zombie (D:2)
  6 giant cockroaches
  12 goblins
  6 hobgoblins
  9 jackals
  3 quokkas (D:2)
  2 ball pythons
  2 bats
  7 frilled lizards
  13 kobolds
  7 rats
  4 rat zombies (D:2)
110 creatures vanquished.

Notes
Turn   | Place    | Note
-------+----------+-------------------------------------------
     0 | D:1      | somkeydreadnuts the Gargoyle Fighter began the quest for
                  | the Orb.
     0 | D:1      | Reached XP level 1. HP: 14/14 MP: 1/1
    85 | D:1      | Reached XP level 2. HP: 15/20 MP: 2/2
   654 | D:1      | Reached skill level 4 in Fighting
   654 | D:1      | Reached XP level 3. HP: 24/24 MP: 3/3
  1195 | D:2      | Noticed Sigmund
  1234 | D:2      | Killed Sigmund
  1234 | D:2      | Reached XP level 4. HP: 24/30 MP: 4/4
  1234 | D:2      | Reached XP level 5. HP: 28/34 MP: 5/5
  1410 | D:2      | Found an ancient bone altar of Kikubaaqudgha.
  1645 | D:2      | Found a blossoming altar of Fedhas.
  1653 | D:2      | Reached XP level 6. HP: 37/39 MP: 6/6
  1684 | D:2      | Noticed Jessica
  1696 | D:2      | Killed Jessica
  2233 | D:3      | Reached skill level 5 in Axes
  2270 | D:3      | Noticed Natasha
  2280 | D:3      | Killed Natasha
  2300 | D:3      | Noticed Natasha
  2309 | D:3      | Killed Natasha
  2437 | D:3      | Noticed Terence
  2452 | D:3      | Killed Terence
  2459 | D:3      | Noticed Robin
  2470 | D:3      | Killed Robin
  2779 | D:3      | Noticed Natasha
  2787 | D:3      | Killed Natasha
  2787 | D:3      | Reached skill level 5 in Fighting
  2817 | D:3      | Reached XP level 7. HP: 44/44 MP: 7/7
  3141 | D:4      | Found an opulent altar of Gozag.
  3226 | D:4      | Reached skill level 6 in Fighting
  3520 | D:4      | HP: 2/46 [ogre/+0 giant club (6)]
  4347 | D:5      | Entered Level 5 of the Dungeon
  4392 | D:5      | Found a staircase to the Ecumenical Temple.
  4412 | D:5      | Reached skill level 7 in Fighting
  4412 | D:5      | Reached XP level 8. HP: 35/54 MP: 8/8
  4473 | D:5      | Reached skill level 8 in Fighting
  4509 | Temple   | Entered the Ecumenical Temple
  4515 | Temple   | Became a worshipper of Dithmenos the Shadowed
  4579 | D:5      | Noticed Duvessa
  4586 | D:5      | Noticed Dowan
  4593 | D:5      | Killed Duvessa
  4627 | D:5      | HP: 2/56 [Dowan/shard of ice (7)]
  4629 | D:5      | Killed from afar by Dowan

Illustrated notes

Levels and vault maps discovered:
D:1:      grunt_arrival_crossed_arrows, layout_basic, minmay_misc_feat_tower
D:2:      layout_loops_ring, fedhas_altar_2, lemuel_zombie_altar_kikubaaqudgha,
          uniq_jessica, uniq_sigmund
D:3:      layout_loops_ring, uniq_robin, uniq_terence, uniq_natasha
D:4:      layout_loops_cross, grunt_gozag_breadcrumbs
D:5:      layout_rooms, minmay_temple_entry_arrows, serial_shops, shop,
          uniq_duvessa
Temple:   zaba_magenta_temple

Skill      XL: |  1  2  3  4  5  6  7  8 |
---------------+-------------------------+-----
Axes           | 2 4 5 |  5.6
Fighting       | 4 5 7 8 |  8.9
Armour         | |  3.3
Stealth        | |  0.2
Shields        | |  3.3

Action                   |  1- 3 |  4- 6 |  7- 9 || total
-------------------------+-------+-------+-------++-------
Melee: War axe           |   108 |   140 |   120 ||   368
  Use: Potion            |     1 |       |       ||     1
       Scroll            |       |       |     3 ||     3
Armor: Scale mail        |    55 |       |       ||    55
       Chain mail        |    34 |    85 |    90 ||   209
Dodge: Dodged            |    41 |    26 |    33 ||   100
Block: Kite shield       |    79 |    73 |    63 ||   215

Table legend: (Time is in decaauts)
 A = Elapsed time spent in this place.
 B = Non-inter-level travel time spent in this place.
 C = Inter-level travel time spent in this place.
 D = Time resting spent in this place.
 E = Time spent auto-exploring this place.
 F = Levels seen in this place.
 G = Mean time per level.
                   A        B        C        D        E       F      G
               +--------+--------+--------+--------+--------+-----+--------+
         Total |   4769 |   4769 |      0 |      0 |   3201 |   6 |  794.8 |
       Dungeon |   4756 |   4756 |      0 |      0 |   3201 |   5 |  951.2 |
        Temple |     12 |     12 |      0 |      0 |      0 |   1 |   12.0 |
               +--------+--------+--------+--------+--------+-----+--------+

Top non-repeatable levels by time:
     D:4: 1258 daAuts
     D:1: 1124 daAuts
     D:2: 1087 daAuts
     D:3: 998 daAuts
     D:5: 287 daAuts
  Temple: 12 daAuts
